 Dungeon Crawl Stone Soup version 0.18.1-2-ga659475 (webtiles) character file.

52 Catbag the Skirmisher (level 3, -9/34 HPs)
             Began as a Minotaur Berserker on May 8, 2016.
             Was a Believer of Trog.
             Killed by divine providence
             ... invoked by an orc priest
              (15 damage)
             ... on level 3 of the Dungeon.
             The game lasted 00:05:46 (1651 turns).

Catbag the Skirmisher (Minotaur Berserker)          Turns: 1651, Time: 00:05:47

Health: -9/34      AC: 12    Str: 22    XL:     3   Next: 60%
Magic:  2/2        EV:  7    Int:  4    God:    Trog [**....]
Gold:   73         SH:  0    Dex:  9    Spells: 0 memorised, 2 levels left

rFire  . . .     SeeInvis .     a - +0 spear
rCold  . . .     Gourm    .     p - +0 plate armour
rNeg   . . .     Faith    .     (no shield)
rPois  .         Spirit   .     (helmet restricted)
rElec  .         Dismiss  .     m - +0 cloak
rCorr  +         Reflect  .     (no gloves)
SustAt .         Harm     .     (no boots)
MR     .....                    (no amulet)
Stlth  ..........               (no ring)
                                u - ring of resist corrosion

@: not resistant to hostile enchantments, extremely unstealthy
A: retaliatory headbutt, horns 2
a: Berserk, Trog's Hand, Burn Spellbooks, Renounce Religion


You were on level 3 of the Dungeon.
You worshipped Trog.
Trog was pleased with you.
You were not hungry.

You visited 1 branch of the dungeon, and saw 3 of its levels.

You collected 73 gold pieces.

Inventory:

Hand Weapons
 a - a +0 spear (weapon)
Armour
 b - a +0 animal skin
 m - a +0 cloak (worn)
 p - a +0 plate armour (worn)
 r - a +0 helmet
Jewellery
 k - an uncursed amulet of harm
 u - a ring of resist corrosion (left hand)
Scrolls
 d - 3 scrolls of teleportation {unknown}
 f - 2 scrolls of identify
 g - 2 scrolls of recharging {unknown}
 h - 4 scrolls of remove curse {unknown}
 o - a scroll of blinking {unknown}
 t - 2 scrolls of random uselessness {unknown}
 w - a scroll of enchant weapon {unknown}
Potions
 c - a potion of curing {unknown}
 e - a potion of heal wounds
 j - a potion of resistance {unknown}
 n - a potion of brilliance {unknown}
 q - a potion of degeneration {unknown}
 s - 2 potions of lignification {unknown}
 v - a potion of mutation {unknown}
 x - a potion of beneficial mutation {unknown}
Comestibles
 i - 2 meat rations
 l - a slice of pizza


   Skills:
 + Level 4.7 Fighting
 + Level 4.3 Polearms
 + Level 2.5 Armour
 + Level 2.4 Dodging
 + Level 0.3 Stealth


You had 2 spell levels left.
You didn't know any spells.

Dungeon Overview and Level Annotations

Branches:
Dungeon (3/15)

Altars:
Dithmenos
Kikubaaqudgha
Nemelex Xobeh
Xom
Zin


Innate Abilities, Weirdness & Mutations

You reflexively headbutt those who attack you in melee.
You have a pair of horns on your head.


Message History

The orc shouts!
The orc priest shouts!
The orc moves out of view.
An orc priest comes into view. It is wielding a hand axe.
The orc priest shouts!
The orc hits you with a flail.
The orc priest casts a cantrip, but nothing happens.
Your plate armour prevents you from hitting the orc.
You headbutt the orc!
You kill the orc!
Trog accepts your kill.
The orc priest mumbles some strange prayers to Beogh against you.
Beogh smites you!
* * * LOW HITPOINT WARNING * * *
Attack whom?
Press: ? - help, Dir - move target cursor, f - orc priest
Aim: an orc priest, wielding a dagger You reach to attack!
You closely miss the orc priest.
The orc priest mumbles some strange prayers to Beogh against you.
Beogh smites you!
You die... ### #.# S.o

..# #o# #o#
#)# #@# #.#
.# #.# .# #.#
.#
#.########.##
#...........
#.########.#
##.########.#
#......^....#


You could see 3 orc priests and a ball python (wandering).

Vanquished Creatures
  An adder (D:2)
  A dart slug (D:1)
  2 giant geckos (D:2)
  An orc (D:3)
  2 giant cockroaches
  3 hobgoblins (D:1)
  A ball python (D:2)
  6 bats
  4 giant newts
  3 goblins
  12 kobolds
  3 rats
39 creatures vanquished.

Notes
Turn   | Place    | Note
--------------------------------------------------------------
     0 | D:1      | Catbag the Minotaur Berserker began the quest for the Orb.
     0 | D:1      | Reached XP level 1. HP: 19/19 MP: 0/0
   153 | D:1      | Reached XP level 2. HP: 26/27 MP: 1/1
   951 | D:2      | Reached ** piety under Trog
  1000 | D:2      | Noticed an angel
  1001 | D:2      | Found a glowing silver altar of Zin.
  1002 | D:2      | Found a shimmering altar of Xom.
  1010 | D:2      | Reached XP level 3. HP: 34/34 MP: 2/2
  1234 | D:2      | Found a sparkling altar of Nemelex Xobeh.
  1458 | D:2      | Found an ancient bone altar of Kikubaaqudgha.
  1581 | D:3      | Found a shadowy altar of Dithmenos.
  1651 | D:3      | Killed from afar by an orc priest

Skill      XL: |  1  2 |
---------------+-------+-----
Fighting       | 4 |  4.7
Polearms       | 4 |  4.3
Armour         | |  2.5
Dodging        | |  2.4
Stealth        | |  0.3

Action                   || total
-------------------------++-------
Melee: Spear             ||    78
       Headbutt          ||    10
  Use: Scroll            ||     5
 Stab: Sleeping          ||     2
  Eat: Bread ration      ||     1
       Chunk             ||     1
Armor: Plate armour      ||    17
       Animal skin       ||     2
Dodge: Dodged            ||    44
